 Dungeon Crawl Stone Soup version 0.23.1-42-g8abd8fc (webtiles) character file.

Game seed: 16587874140602506006

24332 Borgoz the Slicer (level 13, -1/79 HPs)
             Began as a Gargoyle Fighter on Mar 30, 2019.
             Was a Priest of Ashenzari.
             Slain by Karim's ghost (9 damage)
             ... on level 7 of the Dungeon.
             The game lasted 00:32:25 (14106 turns).

Borgoz the Slicer (Gargoyle Fighter)               Turns: 14106, Time: 00:32:26

Health: -1/79      AC: 26    Str: 24    XL:     13   Next: 12%
Magic:  19/19      EV: 15    Int: 16    God:    Ashenzari [***...]
Gold:   673        SH: 12    Dex: 13    Spells: 13/13 levels left

rFire    + . .     SeeInvis +   b - +3 rapier (drain)
rCold    + . .     Gourm    .   c - +0 shield
rNeg     + . .     Faith    .   z - +5 ring mail of Woejuyt {Int+7 SInv}
rPois    ∞         Spirit   .   I - +0 helmet {SInv}
rElec    +         Reflect  .   Q - scarf {rC+ rF+}
rCorr    .         Harm     .   x - +0 pair of gloves
MR       +....                  j - +1 pair of boots
Stlth    +.........             l - amulet of rage
HPRegen  0.23/turn              d - ring of protection from magic
MPRegen  0.16/turn              v - +3 ring of strength

@: about to teleport, berserk cooldown, very slightly contaminated, slowed, very
slow
A: negative energy resistance 1, electricity resistance, unbreathing,
petrification resistance, rot immunity, AC +9
a: Curse Item, Scrying, Renounce Religion, Evoke Berserk Rage


You were on level 7 of the Dungeon.
You worshipped Ashenzari.
Ashenzari was most pleased with you.
You were not hungry.

You visited 2 branches of the dungeon, and saw 14 of its levels.

You collected 673 gold pieces.

Inventory:

Hand Weapons
 a - a +2 dagger of venom
 b - a +3 rapier of draining (weapon)
 e - the cursed +7 broad axe of Rotation {chop, +Rage}
   (You acquired it on level 11 of the Dungeon)

   It inflicts extra damage upon your enemies.
   It lets you go berserk.
   It has a curse placed upon it.
 g - a +1 short sword of distortion
 D - a +1 vampiric short sword
 N - a +4 quarterstaff of chaos
 W - a +2 dagger of distortion
Missiles
 q - 5 throwing nets
 F - 7 tomahawks (quivered)
Armour
 c - a +0 shield (worn)
 j - a +1 pair of boots (worn)
 s - +0 fire dragon scales
 x - a +0 pair of gloves (worn)
 z - the +5 ring mail of Woejuyt (worn) {Int+7 SInv}
   (You found it on level 5 of the Dungeon)

   It affects your intelligence (+7).
   It lets you see invisible.
 H - a +2 scale mail of magic resistance
 I - a +0 helmet of see invisible (worn)
 J - a +2 ring mail of fire resistance
 M - the +0 chain mail "Nulanuawn" {Dex+9}
   (You found it on level 8 of the Dungeon)

   It affects your dexterity (+9).
 Q - a scarf of resistance (worn)
Jewellery
 d - a ring of protection from magic (left hand)
 l - an amulet of rage (around neck)
 n - an uncursed amulet of magic regeneration
 v - a +3 ring of strength (right hand)
 G - an uncursed ring of protection from fire
 L - an uncursed ring of stealth
 P - an uncursed ring of protection from cold
 T - an uncursed ring of ice
 X - an uncursed ring of protection from fire
Wands
 o - a wand of paralysis (2)
 p - a wand of acid (18)
 r - a wand of disintegration (39)
 t - a wand of random effects (33)
 y - a wand of digging (14)
 O - a wand of flame (15)
Scrolls
 h - 3 scrolls of remove curse
 k - 7 scrolls of enchant armour
 w - 2 scrolls of fog
 A - a scroll of magic mapping
 C - 5 scrolls of amnesia
 R - a scroll of enchant weapon
 U - a scroll of identify
Potions
 i - 2 potions of mutation
 u - 2 potions of resistance
 B - 2 potions of agility
 E - 2 potions of berserk rage
 K - a potion of curing
Comestibles
 f - 17 rations


   Skills:
 + Level 8.7 Fighting
 * Level 9.7 Short Blades
 - Level 0.6 Throwing
 + Level 8.8 Armour
 * Level 8.7 Dodging
 - Level 1.3 Stealth
 + Level 8.8 Shields
 - Level 0.5 Spellcasting
 * Level 9.3 Evocations


You had 13 spell levels left.
You didn't know any spells.
Your spell library contained the following spells:

 Spells                   Type           Power        Failure   Level  Hunger
 Sting                    Conj/Pois      #...         61%         1    ##.....
 Poisonous Vapours        Pois/Air       #.....       75%         2    ###....
 Mephitic Cloud           Conj/Pois/Air  #.......     93%         3    ####...
 Olgreb's Toxic Radiance  Pois           #.......     100%        4    #####..
 Venom Bolt               Conj/Pois      #.........   100%        5    ######.


Dungeon Overview and Level Annotations

Branches:
Dungeon (13/15)            Temple (1/1) D:7            Lair (0/6) D:11
    Orc (0/2) D:10
 Vaults: D:13-14

Altars:
Ashenzari
Cheibriados
Dithmenos
Elyvilon
Fedhas
Gozag
Hepliaklqana
Kikubaaqudgha
Makhleb
Nemelex Xobeh
Okawaru
Qazlal
Ru
Sif Muna
Trog
Uskayaw
Vehumet
Wu Jian
Xom
Yredelemnul
Zin
The Shining One

Shops:
D:9 ??   D:13 *

Annotations:
D:7 1 transporter, Karim's ghost, novice TrCK
D:12 2 runed translucent doors, Kairos's ghost, journeyman MiFi


Innate Abilities, Weirdness & Mutations

You are resistant to torment.
Your stone body is resilient. (AC +9)
You are immune to poison.
You resist negative energy. (rN+)
You are resistant to electric shocks. (rElec)
You can survive without breathing.
You are immune to petrification.
You are immune to rotting.


Message History

Karim's ghost misses you. x2
You barely miss Karim's ghost.
Karim's ghost is moderately damaged.
Karim's ghost hits you!
* * * LOW HITPOINT WARNING * * *
You miss Karim's ghost.
Karim's ghost is moderately damaged.
You block Karim's ghost's attack.
You hit Karim's ghost but do no damage.
Karim's ghost is moderately damaged.
You flicker back into view.
Karim's ghost hits you but does no damage.
Okay, then.
As you read the scroll of teleportation, it crumbles to dust.
You feel strangely unstable. Karim's ghost hits you!
* * * LOW HITPOINT WARNING * * *
You block Karim's ghost's attack.
Unknown command.
You feel better. Karim's ghost hits you!
You die...

.........................# #....
.........................# ##.#.
....###<.....#####.......## #..##
....#......###...###......###.###
..........##....#.###.....##..#
..........##.#..#####....#....###
.......#.##.###.#≈#.##.....#.....
.....##..#..#≈..$##..#...###..###
#....#..©#©...._@WO).#©..# #.#...
.....#...#.....§§#o).#..## #.#.⌠.
.#.......##....#§#..##...###.#...
..........#....###..#..##..#..###
..#....##.##......###.####......≈
....#...#..###.©.###..# ##.....≈
>.....#.##...#####...## ##....###
....#...###........<.####....#...
..#.........#######.....#..#.#.⌠.


You could see an orc warrior, an ogre and Karim's ghost.

Vanquished Creatures
  Snorg (D:12)
  A hydra (D:11)
  A centaur warrior (D:13)
  An ogre mage (D:13)
  A queen ant (D:8)
  4 two-headed ogres
  A deep elf knight (D:13)
  A manticore (D:12)
  A deep elf mage (D:13)
  3 ugly things
  A moth of wrath (D:7)
  A cyclops (D:11)
  A gargoyle (D:10)
  2 centaur skeletons
  2 trolls
  2 hornets
  Grinder (D:4)
  2 hippogriffs
  2 wraiths (D:13)
  2 wyverns
  7 yaks (D:11)
  A basilisk (D:11)
  3 hungry ghosts
  2 wargs (D:10)
  Duvessa (D:5)
  13 soldier ants
  11 ogres
  5 sky beasts
  2 black bears
  2 eyes of draining
  6 orc warriors
  A phantom (D:4)
  3 wolves (D:11)
  9 centaurs
  5 crocodiles
  2 big kobolds
  A gnoll sergeant (D:6)
  12 bullfrogs
  Dowan (D:5)
  A scorpion (D:11)
  9 killer bees
  3 wights (D:13)
  An electric eel (D:7)
  A howler monkey (D:6)
  2 quasits
  2 bullfrog zombies
  2 centaur zombies
  7 crimson imps
  15 hounds
  6 jellies
  10 orc wizards
  3 gnoll shamans (D:6)
  8 iguanas
  5 orc priests
  4 bullfrog skeletons
  Crazy Yiuf (D:3)
  Jessica (D:2)
  32 worker ants
  A hound zombie (D:10)
  42 gnolls
  8 adders
  2 shadow imps
  An ooze (D:1)
  2 adder zombies
  2 adder skeletons
  4 worms
  A dart slug (D:1)
  8 leopard geckos
  62 orcs
  A ball python (D:2)
  8 bats
  4 giant cockroaches
  8 hobgoblins
  25 jackals
  3 quokkas
  3 frilled lizards (D:1)
  2 goblins (D:2)
  A jackal zombie (D:6)
  15 kobolds
  A leopard gecko skeleton (D:4)
  A leopard gecko zombie (D:7)
  9 rats
445 creatures vanquished.

Vanquished Creatures (others)
  2 plants (D:11)
2 creatures vanquished.

Grand Total: 447 creatures vanquished

Notes
Turn   | Place    | Note
-------+----------+-------------------------------------------
     0 | D:1      | Borgoz the Gargoyle Fighter began the quest for the Orb.
     0 | D:1      | Reached XP level 1. HP: 14/14 MP: 1/1
   136 | D:1      | Reached XP level 2. HP: 18/19 MP: 2/2
   403 | D:1      | Reached XP level 3. HP: 22/23 MP: 3/3
   670 | D:1      | Reached skill level 1 in Stealth
  1132 | D:2      | Noticed Jessica
  1148 | D:2      | Killed Jessica
  1148 | D:2      | Reached skill level 1 in Dodging
  1148 | D:2      | Reached XP level 4. HP: 22/28 MP: 4/4
  1742 | D:2      | Found a bloodstained altar of Trog.
  1747 | D:2      | Found a stormy altar of Qazlal.
  1752 | D:2      | Found a blossoming altar of Fedhas.
  2200 | D:3      | Found a runed translucent door.
  2201 | D:3      | Noticed Crazy Yiuf
  2233 | D:3      | Found a shattered altar of Ashenzari.
  2247 | D:3      | Became a worshipper of Ashenzari the Shackled
  2413 | D:3      | Reached XP level 5. HP: 27/33 MP: 5/5
  2596 | D:3      | Paralysed by Crazy Yiuf for 7 turns
  2604 | D:3      | Killed Crazy Yiuf
  2781 | D:4      | Noticed an ogre
  2795 | D:4      | Reached skill level 1 in Evocations
  2806 | D:4      | Killed an ogre
  2806 | D:4      | Reached XP level 6. HP: 16/38 MP: 6/6
  2937 | D:4      | Noticed a phantom
  2955 | D:4      | Killed a phantom
  3149 | D:4      | Reached XP level 7. HP: 33/43 MP: 8/8
  3529 | D:4      | Noticed Grinder
  3540 | D:4      | Killed Grinder
  3540 | D:4      | Reached XP level 8. HP: 36/48 MP: 8/10
  3931 | D:5      | Entered Level 5 of the Dungeon
  4018 | D:5      | Got the uncursed ring mail of Woejuyt {Int+7 SInv}
  4029 | D:5      | Identified the +5 ring mail of Woejuyt {Int+7 SInv} (You
                  | found it on level 5 of the Dungeon)
  4202 | D:5      | Reached * piety under Ashenzari
  4211 | D:5      | Found a shimmering altar of Xom.
  4214 | D:5      | Noticed Dowan
  4214 | D:5      | Noticed Duvessa
  4230 | D:5      | Killed Duvessa
  4235 | D:5      | Killed Dowan
  4559 | D:6      | Reached skill level 5 in Armour
  4611 | D:6      | Reached skill level 5 in Shields
  4816 | D:6      | Reached skill level 5 in Fighting
  4867 | D:6      | Reached skill level 5 in Short Blades
  4875 | D:6      | Reached XP level 9. HP: 51/54 MP: 11/11
  6751 | D:7      | Found a staircase to the Ecumenical Temple.
  6758 | D:7      | Found a transporter.
  6768 | Temple   | Entered the Ecumenical Temple
  7164 | D:7      | Found a transporter.
  7519 | D:7      | Found a sacrificial altar of Ru.
  7542 | D:7      | Noticed Karim's ghost (novice TrCK)
  7542 | D:7      | Noticed a troll
  7543 | D:7      | Found a bloodstained altar of Trog.
  7545 | D:7      | Noticed a moth of wrath
  7555 | D:7      | Reached ** piety under Ashenzari
  7957 | D:7      | Reached skill level 5 in Evocations
  7960 | D:7      | Reached skill level 5 in Dodging
  8266 | D:8      | Reached XP level 10. HP: 57/60 MP: 13/13
  8309 | D:8      | HP: 3/60 [worker ant (4)]
  8314 | D:8      | HP: 1/60 [worker ant (4)]
  8976 | D:8      | Noticed a queen ant
  9016 | D:8      | Killed a queen ant
  9098 | D:8      | Found an opulent altar of Gozag.
  9343 | D:9      | Reached XP level 11. HP: 45/66 MP: 15/15
  9494 | D:9      | Noticed a two-headed ogre
  9495 | D:9      | Found Necepas's Magic Scroll Emporium.
  9507 | D:9      | Killed a two-headed ogre
  9766 | D:9      | Found Awevatur's Magic Scroll Shoppe.
  9889 | D:10     | Entered Level 10 of the Dungeon
 10479 | D:8      | Got the uncursed chain mail "Nulanuawn" {Dex+9}
 10490 | D:8      | Identified the +0 chain mail "Nulanuawn" {Dex+9} (You found
                  | it on level 8 of the Dungeon)
 10611 | D:10     | Found a staircase to the Orcish Mines.
 11549 | D:11     | Noticed a cyclops
 11556 | D:11     | Killed a cyclops
 11594 | D:11     | Noticed a six-headed hydra
 11625 | D:11     | Killed a six-headed hydra
 11659 | D:11     | Identified a scroll of acquirement
 11660 | D:11     | Got the cursed broad axe of Rotation {chop, +Rage}
 11774 | D:11     | Found a staircase to the Lair.
 11850 | D:11     | Reached XP level 12. HP: 67/73 MP: 17/17
 12253 | D:12     | Reached *** piety under Ashenzari
 12342 | D:12     | Found a large runed translucent door.
 12342 | D:12     | Found a large runed translucent door.
 12342 | D:12     | Noticed Kairos's ghost (journeyman MiFi)
 12361 | D:12     | Noticed Snorg
 12379 | D:12     | Killed Snorg
 13404 | D:13     | Noticed a two-headed ogre
 13411 | D:13     | Killed a two-headed ogre
 13417 | D:13     | Found Roby's Evil Emporium.
 13419 | D:13     | Found a burning altar of Makhleb.
 13582 | D:13     | Noticed a two-headed ogre
 13582 | D:13     | Noticed a two-headed ogre
 13582 | D:13     | Noticed an ogre mage
 13585 | D:13     | Noticed a deep elf knight
 13599 | D:13     | Killed a two-headed ogre
 13606 | D:13     | Killed an ogre mage
 13612 | D:13     | Killed a deep elf knight
 13622 | D:13     | Killed a two-headed ogre
 13622 | D:13     | Reached XP level 13. HP: 57/79 MP: 19/19
 14105 | D:7      | HP: 3/79 [Karim's ghost (14)]
 14106 | D:7      | Slain by Karim's ghost

Skill      XL: |  1  2  3  4  5  6  7  8  9 10 11 12 |
---------------+-------------------------------------+-----
Short Blades   | 2 3 4 5 6 7 8 9 |  9.7
Stealth        | 1 |  1.3
Dodging        | 1 2 3 4 5 6 7 8 |  8.7
Evocations     | 1 2 3 5 6 7 9 |  9.3
Armour         | 4 5 6 7 8 |  8.8
Shields        | 4 5 6 7 8 |  8.8
Fighting       | 4 5 6 7 8 |  8.7
Throwing       | |  0.6
Spellcasting   | |  0.5

Action                   |  1- 3 |  4- 6 |  7- 9 | 10-12 | 13-15 || total
-------------------------+-------+-------+-------+-------+-------++-------
Melee: Rapier            |   101 |   239 |   730 |  1208 |    48 ||  2326
 Abil: Evoke Berserk Rag |       |       |     7 |     8 |     1 ||    16
  Use: Potion            |     2 |     2 |     1 |     9 |     2 ||    16
       Scroll            |       |       |     8 |    10 |     2 ||    20
 Stab: Invisible         |       |       |       |       |     3 ||     3
  Eat: Chunk             |       |     8 |    17 |    23 |     2 ||    50
       Ration            |       |       |     2 |     2 |     1 ||     5
Armor: Scale mail        |    77 |    30 |       |       |       ||   107
       Fire dragon scale |       |    67 |    35 |       |       ||   102
       Ring mail         |       |       |   369 |   548 |    20 ||   937
       Chain mail        |       |       |       |    37 |       ||    37
Dodge: Dodged            |    39 |    74 |   377 |   693 |    36 ||  1219
Block: Shield            |    62 |   114 |   507 |   782 |    31 ||  1496
